AoeStats
← D4RKK

Arabia

510402170Analyzed
4v4 RM · 1d ago on Sep 30, 2026· 9m 45s· 8 players
Game mode
Random Map
Map size
Large (8 player)
Population
200
Speed
Normal
Resources
Standard
Victory
Conquest
Starting age
Dark Age
Ending age
Imperial Age
RankedLock teamsTeams togetherTeam positionsShared explorationLock speedFull tech treeHidden civsTurbo modeCheats
Victory
Defeat
🇬🇧 Saxons · United Kingdom
923
+12
🇬🇧 Cumans · United Kingdom
852
+15
🇹🇷 Franks · Türkiye
836
+16
🇹🇷 Bulgarians · Türkiye
808
+17
🇵🇪 Mongols · Peru
876
-17
🇨🇳 Vietnamese · China
853
-16
🇺🇸 Spanish · United States
799
-14
🇺🇸 Huns · United States
794
-13
sam.pidgeon
6:20 Loom
ZachPar
11:42 Feudal Age
Toytatın Şimşeği
8:03 Loom
10:12 Feudal Age
MHPL
0:29 Loom
CouthTortoise40
1:13 Loom
D4RKK
1:42 Loom
10:22 Feudal Age
MiguelAngel
69279406
Connection lost

Rejoining the realm…

Still unreachable

The connection could not be restored.

Session expired

The server has moved on; the page needs a fresh start.